 Dungeon Crawl Stone Soup version 0.30-a0-368-g86fb4627a9 (webtiles) character file.

Game seed: 7450461770270783205

2380 mopl the Martial Artist (level 9, -7/85 HPs)
             Began as a Djinni Transmuter on Nov 19, 2022.
             Was an Initiate of Okawaru.
             Mangled by a hornet (12 damage)
             ... on level 7 of the Dungeon.
             The game lasted 00:08:29 (5862 turns).

mopl the Martial Artist (Djinni Transmuter)         Turns: 5862, Time: 00:08:30

Health: -7/85      AC: 24    Str: 19    XL:     9   Next: 73%
Gold:   240        EV:  2    Int: 15    God:    Okawaru [......] SH:  0 Dex: 14

rFire   . . .      SeeInvis .      - Unarmed
rCold   . . .      Faith    .    (no shield)
rNeg    . . .      Spirit   .    (body armour currently unavailable)
rPois   ∞          Reflect  .    (helmet currently unavailable)
rElec   .          Harm     .    (cloak currently unavailable)
rCorr   .          Rampage  .    (gloves currently unavailable)
Will    .....      NoTele   +    (boots unavailable)
Stlth   +.........               (no amulet)
HPRegen 0.34/turn                r - +6 ring of strength
MPRegen 0.00/turn                (no ring)

@: tree-form, very slightly contaminated, hasted, very quick
A: stationary, stasis, torment immunity, boosted hp, sickness immunity, (fire
resistance 2), (cold vulnerability 1), float, innate caster, HP casting, extra
vitality 1
a: Renounce Religion


You were on level 7 of the Dungeon.
You worshipped Okawaru.
Okawaru was noncommittal.
You were a tree.
You visited 2 branches of the dungeon, and saw 8 of its levels.

You collected 358 gold pieces.
You spent 118 gold pieces at shops.

Inventory:

Hand Weapons
 a - a +2 glaive of flaming
Missiles
 k - 4 boomerangs
 m - 4 javelins
 y - a curare-tipped dart
 C - 2 throwing nets
Armour
 p - a +0 helmet (melded)
 v - a scarf of shadows (melded)
 w - +2 steam dragon scales (melded)
Magical Staves
 j - a staff of air
Jewellery
 r - a +6 ring of strength (left branch)
 A - a ring of fire
Wands
 B - a wand of iceblast (7)
Scrolls
 c - 5 scrolls of identify
 d - a scroll of enchant weapon {unknown}
 f - a scroll of magic mapping {unknown}
 g - 3 scrolls of immolation {unknown}
 i - 4 scrolls of vulnerability {unknown}
 l - a scroll of butterflies {unknown}
 n - a scroll of blinking {unknown}
 o - 3 scrolls of teleportation {unknown}
 s - 2 scrolls of enchant armour {unknown}
 t - a scroll of poison {unknown}
Potions
 e - a potion of might
 h - 3 potions of haste
 q - 3 potions of curing
 u - 2 potions of mutation {!q}
 x - a potion of heal wounds {unknown}
 z - a potion of degeneration


   Skills:
 + Level 1.4 Fighting
 + Level 0.9 Throwing
 + Level 0.9 Armour
 + Level 2.5 Dodging
 * Level 10.2 Unarmed Combat
 + Level 5.4 Spellcasting
 + Level 1.0 Invocations
 + Level 1.0 Evocations


You couldn't memorise any spells.
You knew the following spells:

 Your Spells              Type           Power      Damage    Failure   Level
a - Beastly Appendage     Tmut           40%        N/A       1%          1
b - Spider Form           Tmut/Pois      20%        N/A       4%          3
c - Apportation           Tloc           40%        N/A       1%          1
d - Ice Form              Ice/Tmut       20%        N/A       16%         4
e - Blink                 Tloc           40%        N/A       2%          2
f - Momentum Strike       Conj/Tloc      40%        3d9       2%          2
g - Summon Lightning Spi  Summ/Air       20%        N/A       16%         4
w - Wereblood             Tmut           20%        N/A       2%          2
Your spell library was empty.

Dungeon Overview and Level Annotations

Branches:
Dungeon (7/15)             Temple (1/1) D:7

Altars:
Dithmenos
Elyvilon
Fedhas
Gozag
Hepliaklqana
Makhleb
Okawaru
Qazlal
Xom
Yredelemnul
Zin

Shops:
D:4 ?   D:6 (!:   D:7 :

Annotations:
D:3 dig


Innate Abilities, Weirdness & Mutations

You are a tree.
Your roots penetrate the ground, keeping you stationary.
You cannot be teleported.
You are immune to unholy pain and torment.
Your maximum health is greatly increased.
Your equipment is partially melded.
You are immune to sickness and miasma.
You are immune to poison.
((Your flesh is very heat resistant. (rF++)))
((You are vulnerable to cold. (rC-)))
You float through the air rather than walking.
You learn spells naturally, not from books.
Your magical power is your life essence.
You have superior vitality. (+4 MHP)


Message History

Unknown command.
You closely miss the hornet. Your punch misses the hornet.
The hornet stings you!
You hit the hornet. Your punch misses the hornet.
The hornet is lightly wounded.
The hornet stings you.
You closely miss the hornet. You punch the hornet.
The hornet is moderately wounded.
The hornet misses you.
You hit the hornet.
The hornet is heavily wounded.
The hornet closely misses you.
You hit the hornet.
The hornet is heavily wounded.
The hornet barely misses you. The hornet stings you!
* * * LOW HITPOINT WARNING * * *
You closely miss the hornet.
The hornet is heavily wounded.
An orc wizard comes into view. It is wielding a +0 dagger.
The hornet stings you!
* * * LOW HITPOINT WARNING * * *
Unknown command.
Casting: Ice Form (dangerous; 16% risk of failure)
Confirm with . or Enter, or press ? or * to list all spells.
You don't have enough health to cast this spell.
It was a potion of haste.
You feel yourself speed up.
The hornet stings you but does no damage.
Really quaff
b - a potion of lignification {!q}?
Really quaff the potion of lignification?
You turn into a tree.
Your scarf of shadows melds into your body.
Your +0 helmet melds into your body.
Your +2 steam dragon scales melds into your body.
The dungeon's light returns to normal.
Your roots penetrate the ground.
The hornet stings you but does no damage.
Unknown command.
You hit the hornet.
The hornet is severely wounded.
The hornet stings you!
You die...

#####.## #.♣y.o.# ##
#.#####..#
##~♣♣####.#
#~♣PP.....#
#♣P~P......#####.
#~~≈~............
#♣~~~~....+########+
#~♣P~....#........#
##♣♣♣###.#⌠......⌠#


You could see a hornet and an orc wizard.

Vanquished Creatures
  Maggie (D:6)
  Prince Ribbit (D:6)
  Eustachio (D:4)
  Sigmund (D:6)
  A water moccasin (D:7)
  2 phantoms
  A kobold brigand (D:6)
  2 bullfrogs (D:7)
  2 necrophages (D:6)
  4 scorpions
  A gnoll sergeant (D:7)
  A howler monkey (D:5)
  4 electric eels (D:7)
  A hound (D:4)
  3 jellies
  2 orc priests
  4 iguanas
  An orc wizard (D:4)
  Robin (D:3)
  4 adders
  8 gnolls
  A shadow imp (D:7)
  A white imp (D:6)
  An ufetubus (D:6)
  2 worms
  A dart slug (D:1)
  7 orcs
  6 endoplasms
  A giant cockroach (D:2)
  11 goblins
  21 hobgoblins
  10 kobolds
  5 quokkas
  5 ball pythons
  5 bats
  4 frilled lizards
  4 rats
  2 butterflies (D:5)
133 creatures vanquished.

Vanquished Creatures (others)
  17 plants (D:7)
17 creatures vanquished.

Grand Total: 150 creatures vanquished

Notes
Turn   | Place    | Note
-------+----------+-------------------------------------------
     0 | D:1      | mopl the Djinni Transmuter began the quest for the Orb.
     0 | D:1      | mopl set off with the following spells memorised: Beastly
                  | Appendage, Wereblood, Spider Form, Ice Form.
     0 | D:1      | Reached XP level 1. HP: 17/17 MP: 0/0
   282 | D:1      | Reached XP level 2. HP: 16/22 MP: 0/0
   594 | D:1      | You are sucked into a shaft and drop 1 floor!
   642 | D:2      | Reached XP level 3. HP: 25/27 MP: 0/0
   642 | D:2      | Learned a level 1 spell: Apportation
   674 | D:2      | Found a faded altar of an unknown god.
   743 | D:2      | Reached skill level 2 in Spellcasting
   785 | D:2      | Reached skill level 4 in Unarmed Combat
   949 | D:2      | Reached XP level 4. HP: 31/32 MP: 0/0
  1414 | D:3      | Noticed Robin
  1427 | D:3      | Killed Robin
  1547 | D:3      | Reached XP level 5. HP: 17/37 MP: 0/0
  1547 | D:3      | Learned a level 2 spell: Blink
  2008 | D:3      | Found Zin's Purification Station.
  2011 | D:3      | Found a glowing silver altar of Zin.
  2050 | D:3      | Reached skill level 5 in Unarmed Combat
  2067 | D:3      | Bought a potion of curing for 90 gold pieces
  2552 | D:4      | Found a shadowy altar of Dithmenos.
  2724 | D:4      | Reached XP level 6. HP: 41/42 MP: 0/0
  2840 | D:4      | Found Pabbaer's Magic Scroll Shoppe.
  2866 | D:4      | Bought a scroll of noise for 14 gold pieces
  2952 | D:4      | Reached skill level 3 in Spellcasting
  3235 | D:5      | Entered Level 5 of the Dungeon
  3235 | D:5      | Noticed Eustachio
  3259 | D:4      | Killed Eustachio
  3260 | D:4      | Reached skill level 6 in Unarmed Combat
  3260 | D:4      | Reached XP level 7. HP: 8/47 MP: 0/0
  3260 | D:4      | Learned a level 2 spell: Momentum Strike
  3565 | D:5      | Reached skill level 7 in Unarmed Combat
  3574 | D:5      | Found a shimmering altar of Xom.
  3578 | D:5      | Reached XP level 8. HP: 35/52 MP: 0/0
  3842 | D:5      | Reached skill level 4 in Spellcasting
  4027 | D:6      | Noticed Maggie
  4036 | D:6      | Killed Maggie
  4037 | D:6      | Reached skill level 8 in Unarmed Combat
  4194 | D:6      | Found Xesoer's Book Boutique.
  4274 | D:6      | Found Nemyemuh's Weapon Shoppe.
  4274 | D:6      | Noticed Prince Ribbit
  4275 | D:6      | Noticed Sigmund
  4295 | D:6      | Killed Prince Ribbit
  4296 | D:6      | Reached skill level 9 in Unarmed Combat
  4296 | D:6      | Reached XP level 9. HP: 44/57 MP: 0/0
  4296 | D:6      | Learned a level 4 spell: Summon Lightning Spire
  4298 | D:6      | Killed Sigmund
  4299 | D:6      | Reached skill level 5 in Spellcasting
  4521 | D:6      | Found Zaecyi Omio's Distillery.
  4527 | D:6      | Bought a potion of degeneration for 14 gold pieces
  4790 | D:7      | Reached skill level 10 in Unarmed Combat
  4994 | D:7      | Found a staircase to the Ecumenical Temple.
  5005 | Temple   | Entered the Ecumenical Temple
  5097 | Temple   | Became a worshipper of Warmaster Okawaru
  5758 | D:7      | Found Xuvvatit's Book Shop.
  5805 | D:7      | Reached skill level 1 in Evocations
  5805 | D:7      | Found a white marble altar of Elyvilon.
  5843 | D:7      | Reached skill level 1 in Invocations
  5851 | D:7      | Noticed a hornet
  5862 | D:7      | Mangled by a hornet

Illustrated notes

Levels and vault maps discovered:
D:1:      matt_arrival_diagonals, layout_basic, minmay_misc_feat_pillars
D:2:      layout_basic, hellmonk_ecumenical_altar_arch_garden
D:3:      layout_basic, zin_purify, due_unseen_surprise, uniq_robin
D:4:      layout_cave_pods, nicolae_dithmenos_shadow_blocks,
          serial_column_ruins, column_ruins_hut, column_ruins_hut_pillars,
          column_ruins_corridor_corner, column_ruins_grid_1,
          column_ruins_grid_2, column_ruins_columns_T, column_ruins_grid_1,
          serial_shops, shop
D:5:      layout_basic, tgw_xom, hangedman_glass_garden, uniq_eustachio
D:6:      layout_basic, serial_shops, nicolae_shop_bloodbath_and_beyond,
          nicolae_lakefront_shop, nicolae_shop_hallway_plus, uniq_sigmund,
          uniq_prince_ribbit1, uniq_maggie
D:7:      layout_loops_ring, jmf_multi_god_temple, minmay_temple_entry_junction,
          serial_shops, shop, serial_bayou, serial_bayou_shore_b,
          serial_bayou_lake_a, serial_bayou_lagoon_b, serial_bayou_lagoon_a,
          moated_statue
Temple:   nicolae_temple_slightly_damp_pantheon

Skill      XL: |  1  2  3  4  5  6  7  8  9 |
---------------+----------------------------+-----
Spellcasting   | 2 3 4 5 |  5.4
Unarmed Combat | 4 5 6 7 9 10 | 10.2
Evocations     | 1 |  1.0
Invocations    | 1 |  1.0
Fighting       | |  1.4
Throwing       | |  0.9
Armour         | |  0.9
Dodging        | |  2.5

Action                   |  1- 3 |  4- 6 |  7- 9 || total
-------------------------+-------+-------+-------++-------
Melee: Unarmed           |   119 |   160 |   179 ||   458
       Headbutt          |    18 |     5 |       ||    23
       Punch             |     2 |     2 |     5 ||     9
 Cast: Beastly Appendage |    16 |    11 |       ||    27
       Spider Form       |       |     8 |    15 ||    23
       Ice Form          |       |       |     2 ||     2
  Use: Scroll            |       |     3 |       ||     3
       Potion            |       |     1 |     2 ||     3
 Stab: Sleeping          |       |     1 |     1 ||     2
Armor: Robe              |    19 |    17 |     2 ||    38
       Skin              |       |     5 |     4 ||     9
       Steam dragon scal |       |       |    12 ||    12
Dodge: Dodged            |    74 |   113 |   117 ||   304

Table legend: (Time is in decaauts)
 A = Elapsed time spent in this place.
 B = Non-inter-level travel time spent in this place.
 C = Inter-level travel time spent in this place.
 D = Time resting spent in this place.
 E = Time spent auto-exploring this place.
 F = Levels seen in this place.
 G = Mean time per level.
                   A        B        C        D        E       F      G
               +--------+--------+--------+--------+--------+-----+--------+
         Total |   5809 |   5568 |    241 |   1165 |   3373 |   8 |  726.1 |
       Dungeon |   5599 |   5377 |    222 |   1070 |   3301 |   7 |  799.9 |
        Temple |    210 |    191 |     19 |     95 |     72 |   1 |  210.0 |
               +--------+--------+--------+--------+--------+-----+--------+

Top non-repeatable levels by time:
     D:4: 1043 daAuts
     D:3: 980 daAuts
     D:7: 880 daAuts
     D:2: 773 daAuts
     D:6: 720 daAuts
     D:5: 611 daAuts
     D:1: 589 daAuts
  Temple: 210 daAuts
